 Dungeon Crawl Stone Soup version 0.18.1-8-gdd0e5ea (webtiles) character file.

32 Guinours the Scratcher (level 3, 0/17 HPs)
             Began as a Felid Fighter on May 30, 2016.
             Killed by divine providence
             ... invoked by an orc priest
              (17 damage)
             ... on level 4 of the Dungeon.
             The game lasted 00:03:41 (891 turns).

Guinours the Scratcher (Felid Fighter)               Turns: 891, Time: 00:03:43

Health: 0/17       AC:  1    Str: 12    XL:     3   Next: 10%
Magic:  4/4        EV: 20    Int:  9    God:
Gold:   30         SH:  0    Dex: 16    Spells: 0 memorised, 2 levels left
                                        Lives:  0   Deaths: 1

rFire  . . .     SeeInvis +       - Unarmed
rCold  . . .     Gourm    .     (armour unavailable)
rNeg   . . .     Faith    .     (shield unavailable)
rPois  .         Spirit   .     (helmet unavailable)
rElec  .         Dismiss  .     (cloak unavailable)
rCorr  .         Reflect  .     (gloves unavailable)
SustAt .         Harm     .     (boots unavailable)
MR     .....                    m - amulet of magic regeneration
Stlth  ++........               (no ring)
                                j - ring of flight

@: quick, not resistant to hostile enchantments, unstealthy
A: no armour, no weapons or thrown items, claws 1, fangs 3, see invisible,
carnivore 3, speed 1, shaggy fur 1, slow metabolism 1, sharp paws
a: Evoke Flight


You were on level 4 of the Dungeon.
You were not hungry.

You visited 1 branch of the dungeon, and saw 3 of its levels.

You collected 30 gold pieces.

Inventory:

Jewellery
 c - an uncursed ring of positive energy {unknown}
 j - a ring of flight (left paw)
 m - an amulet of magic regeneration (around neck)
Wands
 n - a wand of lightning (7/15)
Potions
 a - 2 potions of might
 e - a potion of curing {unknown}
 i - a potion of brilliance {unknown}
Comestibles
 b - a meat ration


   Skills:
 + Level 3.4 Fighting
 + Level 4.6 Dodging
 + Level 1.3 Stealth
 + Level 5.0 Unarmed Combat


You had 2 spell levels left.
You didn't know any spells.

Dungeon Overview and Level Annotations

Branches:
Dungeon (2/15)

Altars:


Innate Abilities, Weirdness & Mutations

You cannot wear armour.
You are incapable of wielding weapons or throwing items.
You have sharp claws.
You have razor-sharp teeth.
You have supernaturally acute eyesight.
You are carnivorous and can eat meat at any time.
You cover ground quickly.
You are covered in fur (AC +1).
You have a slow metabolism.
Your sharp claws are effective at attacking unaware monsters.


Message History

The orc priest mumbles some strange prayers to Beogh against you.
Beogh smites you!
Ouch! That really hurt!
You die...
You are now level 3!
You rejoin the land of the living...
Eating a chunk of flesh.
This raw flesh tastes great.
You continue eating. x2
You open the door.
There is an open door here.
As you open the door, it creaks loudly!
There is an open door here.
Items here: )) [[ † a dagger; a robe; a dagger; a robe; an orc corpse You see here the felid corpse of Guinours.
The orc priest shouts!
The orc priest invokes the aid of Beogh against you.
Beogh smites you!
Ouch! That really hurt!
You die...

####+##.............#..#
...........####........#
##...#.###.# #.....##.*
...........#####.#..#*,*
.....#.###......)...#***
.....#.# #.##.)†....#
(....#.###.##.##.##.#
.....#..............#
..####.....##...@.o.#
### #.....##..#?##.#
######.....##..#....#**
#....................,*
#..##..#########.##.##*
#..##..#***.#**...,.#
.......##....,*..##,#
..........#,***..#***
..........#,,,,,,*


You could see an orc priest.

Vanquished Creatures
  2 orc wizards (D:4)
  A worm (D:2)
  A dart slug (D:1)
  4 goblins (D:1)
  2 bats (D:1)
  2 giant newts (D:1)
  3 kobolds (D:1)
  2 rats (D:1)
17 creatures vanquished.

Notes
Turn   | Place    | Note
--------------------------------------------------------------
     0 | D:1      | Guinours the Felid Fighter began the quest for the Orb.
     0 | D:1      | Reached XP level 1. HP: 10/10 MP: 2/2
   327 | D:1      | Reached XP level 2. HP: 11/14 MP: 3/3
   738 | D:2      | You fall through a shaft for 2 floors!
   823 | D:4      | Reached XP level 3. HP: 12/17 MP: 4/4
   825 | D:4      | Reached skill level 1 in Stealth
   825 | D:4      | Reached skill level 5 in Unarmed Combat
   825 | D:4      | Reached XP level 4. HP: 14/21 MP: 5/5
   825 | D:4      | Killed from afar by an orc priest
   826 | D:4      | Reached XP level 3. HP: -5/17 MP: 4/4
   891 | D:4      | Killed from afar by an orc priest

Skill      XL: |  1  2  3 |
---------------+----------+-----
Stealth        | 1 |  1.3
Unarmed Combat | 5 |  5.0
Fighting       | |  3.4
Dodging        | |  4.6

Action                   |  1- 3 |  4- 6 || total
-------------------------+-------+-------++-------
Melee: Unarmed           |    47 |       ||    47
       Bite              |     1 |       ||     1
  Use: Scroll            |     6 |       ||     6
 Stab: Sleeping          |     3 |       ||     3
  Eat: Chunk             |     8 |       ||     8
Dodge: Dodged            |    32 |       ||    32
